 Dungeon Crawl Stone Soup version 0.19-a0-1341-g3513869 (webtiles) character file.

557 mopl the Ruffian (level 7, -3/59 HPs)
             Began as a Troll Wizard on Sept 1, 2016.
             Was an Initiate of Cheibriados.
             Slain by Pikel
             ... wielding a +2 whip of electrocution
              (6 damage)
             ... on level 7 of the Dungeon.
             The game lasted 00:07:45 (1346 turns).

mopl the Ruffian (Troll Wizard)                     Turns: 1346, Time: 00:07:46

Health: -3/59      AC:  5    Str: 17    XL:     7   Next: 9%
Magic:  9/9        EV:  9    Int: 15    God:    Cheibriados [......]
Gold:   100        SH:  0    Dex: 11    Spells: 3 memorised, 4 levels left

rFire  . . .     SeeInvis .       - Unarmed
rCold  . . .     Gourm    +     a - +0 robe
rNeg   . . .     Faith    .     (no shield)
rPois  .         Spirit   .     b - +0 hat
rElec  .         Dismiss  .     (no cloak)
rCorr  .         Reflect  .     (gloves unavailable)
MR     .....     Harm     .     (boots unavailable)
Stlth  +.........               (no amulet)
                                (no ring)
                                (no ring)

@: very slow
A: unfitting armour, claws 3, fast metabolism 3, gourmand, regeneration 1,
shaggy fur 1, tough skin 2
a: Bend Time, Renounce Religion


You were on level 7 of the Dungeon.
You worshipped Cheibriados.
Cheibriados was noncommittal.
You were full.

You visited 2 branches of the dungeon, and saw 8 of its levels.

You collected 100 gold pieces.

Inventory:

Hand Weapons
 k - the +1 mace of the Vase {venom, Int+5}
   (You found it on level 4 of the Dungeon)

   It poisons the flesh of those it strikes.
   It affects your intelligence (+5).
 l - a +1 war axe of flaming
Missiles
 q - 13 poisoned needles
 s - 2 tomahawks of returning (quivered)
Armour
 a - a +0 robe (worn)
 b - a +0 hat (worn)
Jewellery
 t - an uncursed ring of teleportation
Scrolls
 f - a scroll of immolation
 h - a scroll of remove curse
 i - a scroll of identify
 j - a scroll of amnesia {unknown}
 n - a scroll of noise {unknown}
 o - 3 scrolls of recharging
 p - 2 scrolls of blinking {unknown}
 r - 2 scrolls of enchant armour {unknown}
 v - a scroll of magic mapping {unknown}
Books
 c - a book of Minor Magic

   Spells                             Type                      Level
   a - Magic Dart                     Conjuration                  1
   b - Blink                          Translocation                2
   c - Call Imp                       Summoning                    2
   d - Repel Missiles                 Charms/Air                   2
   e - Slow                           Hexes                        2
   f - Conjure Flame                  Conjuration/Fire             3
   g - Mephitic Cloud                 Conjuration/Poison/Air       3
Comestibles
 d - 4 bread rations
 u - 3 slices of pizza


   Skills:
 - Level 1.5(0.7) Dodging
 - Level 1.1(0.5) Stealth
 * Level 7.5(3.7) Unarmed Combat
 - Level 2.0(1.0) Spellcasting
 - Level 0.6(0.3) Conjurations
   Level 0.6(0.3) Summonings
 - Level 0.6(0.3) Translocations


You had 4 spell levels left.
You knew the following spells:

 Your Spells              Type           Power        Failure   Level  Hunger
a - Magic Dart            Conj           #...         21%         1    ##.....
d - Mephitic Cloud        Conj/Pois/Air  #.......     80%         3    ####...
e - Blink                 Tloc           N/A          34%         2    ###....


Dungeon Overview and Level Annotations

Branches:
Dungeon (7/15)             Temple (1/1) D:7

Altars:
Ashenzari
Cheibriados
Dithmenos
Elyvilon
Fedhas
Hepliaklqana
Nemelex Xobeh
Okawaru
Qazlal
Sif Muna
Vehumet
Xom
Yredelemnul
Zin

Shops:
D:4 :

Annotations:
D:7 Pikel


Innate Abilities, Weirdness & Mutations

You are too large for most types of armour.
You have claws for hands.
Your metabolism is lightning-fast.
You like to eat raw meat.
Your natural rate of healing is unusually fast.
You are covered in fur. (AC +1)
You have very tough skin. (AC +2)


Message History

Pikel hits you with a whip of electrocution.
You are electrocuted!
* * * LOW HITPOINT WARNING * * *
You bump into the rock wall.
The slave barely misses you. Pikel completely misses you.
A jackal and an orc priest come into view.
You're too confused to move!
You hear the steady creaking of a distant portcullis.
You feel less invigorated.
You feel less confused.
The jackal barks!
The jackal moves out of view.
The slave hits you!
* * * LOW HITPOINT WARNING * * *
Pikel completely misses you.
As you read the scroll labeled GEPAM CENE, it crumbles to dust.
It is a scroll of identify.
f - a scroll of immolation The slave barely misses you.
Pikel hits you with a whip of electrocution.
You die...

###...... ....##..#
.......o######
##...........#
###.##..o....##
#........#####
.##.....pp# #.##.##K#
#.#...#@# ##...#.#p#
#...##.oo# #.#.#
#.... # #.#.# #......
#⌠#_#####...###......
#.#.8#...............
.......##.#####......
...... ##.# ..


You could see Pikel, 3 slaves, an orc priest, an orc wizard and an orc.

Vanquished Creatures
  A scorpion (D:5)
  A wight (D:7)
  A howler monkey (D:6)
  A centaur zombie (D:7)
  A hound (D:4)
  2 orc priests (D:4)
  2 iguanas
  Jessica (D:3)
  An orc wizard (D:3)
  A worker ant (D:4)
  A hell rat (D:5)
  3 gnolls
  4 adders
  3 river rats (D:5)
  A shadow imp (D:7)
  An ooze (D:5)
  A worm (D:3)
  A giant gecko (D:2)
  13 orcs
  3 bats
  2 giant cockroaches (D:3)
  2 goblins
  2 hobgoblins (D:2)
  2 jackals (D:3)
  4 kobolds
  A quokka (D:2)
  A giant newt (D:5)
  5 rats
62 creatures vanquished.

Notes
Turn   | Place    | Note
-------+----------+-------------------------------------------
     0 | D:1      | mopl the Troll Wizard began the quest for the Orb.
     0 | D:1      | Reached XP level 1. HP: 16/16 MP: 2/2
    70 | D:2      | Reached skill level 1 in Unarmed Combat
   151 | D:3      | Reached XP level 2. HP: 24/24 MP: 4/4
   160 | D:3      | Reached skill level 2 in Unarmed Combat
   172 | D:3      | Learned a level 2 spell: Blink
   221 | D:4      | Got a faintly glowing mace
   231 | D:4      | Reached XP level 3. HP: 20/31 MP: 5/5
   273 | D:4      | Reached skill level 3 in Unarmed Combat
   286 | D:4      | Learned a level 3 spell: Mephitic Cloud
   293 | D:4      | Reached XP level 4. HP: 27/39 MP: 6/6
   312 | D:4      | Reached skill level 4 in Unarmed Combat
   427 | D:3      | Reached XP level 5. HP: 39/45 MP: 7/7
   531 | D:3      | Noticed Jessica
   535 | D:3      | Killed Jessica
   535 | D:3      | Reached skill level 5 in Unarmed Combat
   562 | D:4      | Found Eklidghao's Book Boutique.
   743 | D:3      | Identified the +1 mace of the Vase {venom, Int+5} (You found it on level 4 of the Dungeon)
   760 | D:3      | Reached XP level 6. HP: 42/53 MP: 8/8
   781 | D:4      | Reached skill level 6 in Unarmed Combat
   807 | D:5      | Entered Level 5 of the Dungeon
   974 | D:6      | Reached skill level 7 in Unarmed Combat
  1048 | D:7      | Reached XP level 7. HP: 59/59 MP: 9/9
  1069 | D:7      | Found a staircase to the Ecumenical Temple.
  1078 | Temple   | Entered the Ecumenical Temple
  1173 | Temple   | Became a worshipper of Ashenzari the Shackled
  1201 | D:7      | Fell from the grace of Ashenzari
  1276 | Temple   | Became a worshipper of Cheibriados the Contemplative
  1303 | D:7      | Found a radiant altar of Vehumet.
  1320 | D:7      | Noticed Pikel
  1343 | D:7      | HP: 2/59 [Pikel/whip of electrocution (20)]
  1346 | D:7      | Slain by Pikel

Vault maps used:
D:1:      dpeg_arrival_round_a, solitary_fountain, st_stairs_4,
          nemelex_diamond_rough_becter
D:2:      ecumenical_altar_1, first_bread, uniq_iyjb
D:3:      uniq_jessica, uniq_natasha
D:4:      serial_shops, shop_statue
D:5:      lemuel_ratsnest
D:6:      serial_shops, shop, nicolae_ru_the_path_less_chosen
D:7:      minitemple, lemuel_zombie_altar_kikubaaqudgha, enter_bailey_7,
          uniq_pikel
Temple:   minmay_temple_curvy_branch

Skill      XL: |  1  2  3  4  5  6 |
---------------+-------------------+-----
Unarmed Combat | 1 2 3 4 5 7 |  7.5
Dodging        | |  1.5
Stealth        | |  1.1
Spellcasting   | |  2.0
Conjurations   | |  0.6
Summonings     | |  0.6
Translocations | |  0.6

Action                   |  1- 3 |  4- 6 |  7- 9 || total
-------------------------+-------+-------+-------++-------
Melee: Unarmed           |    53 |   160 |    16 ||   229
       Punch             |       |     3 |       ||     3
Invok: Renounce Religion |       |       |     1 ||     1
  Use: Scroll            |       |     2 |     1 ||     3
       Potion            |       |       |     3 ||     3
 Stab: Sleeping          |     1 |       |       ||     1
  Eat: Chunk             |     8 |     7 |       ||    15
Armor: Robe              |    11 |    22 |     5 ||    38
Dodge: Dodged            |    29 |    75 |    16 ||   120
